 Dungeon Crawl Stone Soup version 0.29-a0-330-g52719c12eb (webtiles) character file.

Game seed: 15017075398404566639

112 Anon1729 the Poker (level 4, -6/37 HPs)
             Began as a Merfolk Monk on May 18, 2022.
             Mangled by Natasha (7 damage)
             ... on level 2 of the Dungeon.
             The game lasted 00:02:51 (2566 turns).

Anon1729 the Poker (Merfolk Monk)                   Turns: 2566, Time: 00:02:52

Health: -6/37      AC:  4    Str: 11    XL:     4   Next: 93%
Magic:  4/4        EV: 14    Int:  9    God:
Gold:   84         SH:  0    Dex: 18    Spells: 3/3 levels left

rFire   . . .      SeeInvis .   a - +0 spear
rCold   . . .      Faith    .   (no shield)
rNeg    . . .      Spirit   .   b - +0 robe
rPois   .          Reflect  .   c - +1 helmet
rElec   .          Harm     .   (no cloak)
rCorr   .          Rampage  .   (no gloves)
Will    .....                   (no boots)
Stlth   +++.......              (no amulet)
HPRegen 0.12/turn               (no ring)
MPRegen 0.09/turn               (no ring)

@: about to teleport, slowed, very slow
A: (nimble swimmer 2), mertail
a: no special abilities


You were on level 2 of the Dungeon.
You visited 1 branch of the dungeon, and saw 2 of its levels.

You collected 84 gold pieces.

Inventory:

Hand Weapons
 a - a +0 spear (weapon)
Armour
 b - a +0 robe (worn)
 c - a +1 helmet (worn)
 d - an orb of energy
Scrolls
 f - 2 scrolls of immolation {unknown}


   Skills:
 + Level 4.0 Fighting
 * Level 5.5 Polearms
 + Level 4.8 Dodging
 + Level 3.2 Stealth


You had 3 spell levels left.
You didn't know any spells.
Your spell library was empty.

Dungeon Overview and Level Annotations

Branches:
Dungeon (2/15)

Altars:

Annotations:
D:2 Natasha


Innate Abilities, Weirdness & Mutations

((You are very nimble when in or above water. (Stealth+, EV+, Speed+++)))
Your lower body shifts to a powerful aquatic tail in water.


Message History

You closely miss Natasha. Natasha misses you.
You hit Natasha.
Natasha is lightly wounded.
Natasha closely misses you.
The crimson imp blinks!
Natasha claws you.
You closely miss Natasha.
Natasha is lightly wounded.
The giant cockroach bites you but does no damage.
Natasha barely misses you.
The giant cockroach waves its antennae.
The giant cockroach bites you but does no damage.
You barely miss Natasha.
Natasha is lightly wounded.
The crimson imp blinks!
The giant cockroach barely misses you. Natasha misses you.
You hit Natasha.
Natasha is moderately wounded.
The giant cockroach bites you but does no damage.
Natasha closely misses you.
You hit Natasha.
Natasha is moderately wounded.
The giant cockroach bites you but does no damage.
Natasha claws you! The giant cockroach bites you.
The crimson imp hits you but does no damage.
You are too injured to fight recklessly!
Natasha stares at you and mumbles some strange words.
The magic dart hits you. The crimson imp barely misses you.
Natasha casts a spell at you. The magic dart hits you!
* * * LOW HITPOINT WARNING * * *
The giant cockroach bites you but does no damage.
You aren't carrying any potions.
As you read the scroll labelled WOS MEASEI, it crumbles to dust.
You feel strangely unstable.
It was a scroll of teleportation.
The crimson imp blinks!
The giant cockroach barely misses you. Natasha claws you.
* * * LOW HITPOINT WARNING * * *
You aren't carrying any potions.
The giant cockroach waves its antennae.
The giant cockroach barely misses you. x2; Natasha claws you!
You die...

#...... #........#........#
#......###.....†..#....)...#
#.................#........)
#.................##......##
#...........#####.##......#
#..........# #)##......##
#..........# #)##.......#
#.......5..# #))'......>.
#......†..@# ####........
#........Bh# ##......#.
#..........# #....####.
####......... #....# #.
#.........# #....# #.
#.........# =.#....#####
#.............'....')..#
#..............#....###.#
#...........#'##....# #.#


You could see Natasha, a crimson imp (summoned) and a giant cockroach.

Vanquished Creatures
  Natasha (D:2)
  Robin (D:2)
  2 dart slugs
  5 endoplasms (D:1)
  10 giant cockroaches
  14 goblins
  3 hobgoblins (D:1)
  4 jackals (D:2)
  5 kobolds (D:1)
  3 quokkas
  4 ball pythons
  3 bats
  4 frilled lizards
  3 rats (D:1)
62 creatures vanquished.

Notes
Turn   | Place    | Note
-------+----------+-------------------------------------------
     0 | D:1      | Anon1729 the Merfolk Monk began the quest for the Orb.
     0 | D:1      | Reached XP level 1. HP: 18/18 MP: 1/1
   162 | D:1      | Reached XP level 2. HP: 23/24 MP: 2/2
   622 | D:1      | Reached XP level 3. HP: 14/29 MP: 3/3
  1685 | D:2      | Found a faded altar of an unknown god.
  1718 | D:2      | Reached skill level 5 in Polearms
  1813 | D:2      | Noticed Robin
  1821 | D:2      | Reached XP level 4. HP: 34/37 MP: 4/4
  2358 | D:2      | Killed Robin
  2525 | D:2      | Noticed Natasha
  2547 | D:2      | Killed Natasha
  2553 | D:2      | Noticed Natasha
  2565 | D:2      | HP: 1/37 [Natasha (4)]
  2566 | D:2      | Mangled by Natasha

Illustrated notes

Levels and vault maps discovered:
D:1:      amcnicky_arrival_choice, layout_basic, chequers_avenue,
          nrook_loot_triangle, minmay_distorted
D:2:      minmay_roachtagon, layout_basic, hellmonk_ecumenical_altar_zigzags,
          uniq_robin, uniq_natasha

Skill      XL: |  1  2  3  4 |
---------------+-------------+-----
Polearms       | 5 |  5.5
Stealth        | 3 |  3.2
Fighting       | 4 |  4.0
Dodging        | |  4.8

Action                   |  1- 3 |  4- 6 || total
-------------------------+-------+-------++-------
Melee: Spear             |   157 |   115 ||   272
       Punch             |     1 |     2 ||     3
  Use: Scroll            |       |     1 ||     1
       Potion            |       |     1 ||     1
 Stab: Sleeping          |    14 |       ||    14
Armor: Robe              |    21 |    23 ||    44
Dodge: Dodged            |    87 |    81 ||   168

Table legend: (Time is in decaauts)
 A = Elapsed time spent in this place.
 B = Non-inter-level travel time spent in this place.
 C = Inter-level travel time spent in this place.
 D = Time resting spent in this place.
 E = Time spent auto-exploring this place.
 F = Levels seen in this place.
 G = Mean time per level.
                   A        B        C        D        E       F      G
               +--------+--------+--------+--------+--------+-----+--------+
         Total |   2543 |   2507 |     36 |    604 |   1429 |   2 | 1271.5 |
       Dungeon |   2543 |   2507 |     36 |    604 |   1429 |   2 | 1271.5 |
               +--------+--------+--------+--------+--------+-----+--------+

Top non-repeatable levels by time:
     D:1: 1825 daAuts
     D:2: 717 daAuts
